 Dungeon Crawl Stone Soup version 0.21-a0-396-ga924934 (webtiles) character file.

8331 Drevant the Basher (level 11, 0/72 HPs)
             Began as a Gargoyle Gladiator on Oct 19, 2017.
             Was a Follower of Uskayaw.
             Slain by an orc warrior
             ... wielding a +0 glaive
              (22 damage)
             ... in a bailey.
             The game lasted 00:25:41 (10892 turns).

Drevant the Basher (Gargoyle Gladiator)            Turns: 10892, Time: 00:25:41

Health: 0/72       AC: 20    Str: 18    XL:     11   Next: 29%
Magic:  11/11      EV:  9    Int:  9    God:    Uskayaw [*.....]
Gold:   394        SH:  0    Dex: 12    Spells: 10/10 levels left

rFire    . . .     SeeInvis +   x - +0 morningstar
rCold    . . .     Gourm    .   (no shield)
rNeg     + . .     Faith    .   P - +0 chain mail
rPois    ∞         Spirit   .   c - +0 helmet
rElec    +         Reflect  .   (no cloak)
rCorr    .         Harm     .   (no gloves)
MR       .....     Clarity  +   (no boots)
Stlth    ..........             (no amulet)
HPRegen  0.22/turn              (no ring)
MPRegen  0.12/turn              (no ring)

@: no status effects
A: see invisible, clarity, negative energy resistance 1, electricity resistance,
weak 1, unbreathing, petrification resistance, rot immunity, AC +8
a: Stomp, Renounce Religion


You were in a bailey.
You worshipped Uskayaw.
Uskayaw was noncommittal.
You were not hungry.

You visited 1 branch of the dungeon, and saw 11 of its levels.
You also visited: Sewer and Bailey.

You collected 517 gold pieces.
You spent 123 gold pieces at shops.

Inventory:

Hand Weapons
 a - a +0 flail
 x - a +0 morningstar (weapon)
Armour
 b - a +0 leather armour
 c - a +0 helmet (worn)
 o - a +0 ring mail
 D - a +0 scale mail
 P - a +0 chain mail (worn)
Jewellery
 C - a cursed -6 ring of intelligence {unknown}
Wands
 d - a wand of disintegration (3/24)
 q - a wand of lightning (0/15)
 B - a wand of clouds (0/9)
 G - a wand of flame (7/48)
 K - a wand of iceblast (0/15)
 L - a wand of random effects (29/48)
 M - a wand of confusion (19/48)
 O - a wand of digging (8/24)
 R - a wand of digging (10/24)
 S - a wand of random effects (33/48)
Scrolls
 e - 6 scrolls of teleportation {unknown}
 g - 3 scrolls of magic mapping {unknown}
 i - 6 scrolls of remove curse
 p - 2 scrolls of fear
 u - 4 scrolls of enchant weapon {unknown}
 v - 2 scrolls of amnesia {unknown}
 y - 5 scrolls of blinking {unknown}
 E - 2 scrolls of fog {unknown}
 H - a scroll of enchant armour {unknown}
 I - 2 scrolls of recharging {unknown}
 N - 2 scrolls of identify
 Q - a scroll of immolation {unknown}
Potions
 h - a potion of magic
 j - 2 potions of heal wounds
 k - a potion of resistance
 m - 10 potions of curing
 n - a potion of might
 r - 2 potions of mutation
 t - 2 potions of brilliance
 w - 2 potions of lignification
 A - 2 potions of flight {unknown}
 F - 2 potions of haste {unknown}
 T - a potion of berserk rage {unknown}
Comestibles
 f - 5 bread rations
 l - 9 chunks of flesh
 s - 8 meat rations
 z - 4 fruits
 J - 2 royal jellies


   Skills:
 + Level 9.7 Fighting
 * Level 11.8 Maces & Flails
 - Level 3.6 Throwing
 + Level 8.5 Armour
 - Level 3.9 Dodging


You had 10 spell levels left.
You didn't know any spells.

Dungeon Overview and Level Annotations

Branches:
Dungeon (11/15)            Temple (0/1) D:6            Lair (0/6) D:10
    Orc (0/2) D:10

Altars:
Ashenzari
Cheibriados
Dithmenos
Elyvilon
Fedhas
Gozag
Kikubaaqudgha
Makhleb
Okawaru
Uskayaw
Vehumet
Xom
Yredelemnul
Zin

Shops:
D:6 [*%   D:7 (


Innate Abilities, Weirdness & Mutations

You are resistant to torment.
Your stone body is resilient. (AC +8)
You are immune to poison.
You resist negative energy. (rN+)
You are resistant to electric shocks. (rElec)
You can survive without breathing.
You are immune to petrification.
You are immune to rotting.
You have supernaturally acute eyesight. (SInv)
You possess an exceptional clarity of mind.
You are weak. (Str -2)


Message History

a halberd; a chain mail
Things that are here:
a halberd; a chain mail
Items here: )) [[ a trident; a ring mail; a halberd; a ring mail
Things that are here:
a halberd; a scale mail The orc warrior shouts! x2
The orc knight shouts!
The orc knight roars a battlecry!
The orc warriors go into a battle-frenzy!
There is an open door here.
The orc warrior hits you from afar with a glaive!
The orc warrior hits you from afar with a glaive!
The orc warrior hits you from afar with a glaive!
The orc knight roars a battlecry!
The orc warrior completely misses you. The orc warrior closely misses you.
The orc warrior hits you from afar with a spear!
The orc warrior hits you from afar with a glaive!!
You die...

.≈.#############'###'#########.≈.
.≈.## ##.........## ##)≈. .≈..##
+#..≈§≈§≈≈≈..## ##))≈. .≈≈..##
#..≈≈.....§≈..## ##.)≈≈. #.≈≈..#
..≈§..⌠⌠⌠..≈≈..#'#..≈≈.∩
∩.≈≈..#+#..§≈...⌠oo.≈§..#'#..≈≈.#
.≈≈..##.##..≈≈...oo≈≈..##.##..≈≈.
.≈..##.$.##..≈≈≈§§≈§..#'...##..≈.
.≈.##.$$$. #....@....##.....##.≈.
.≈.####### #####+#############)≈.
.≈))))...# ##..........≈.
.≈≈≈≈≈≈≈.###### ##..≈≈≈≈≈≈≈≈≈≈.
.........##...## ##..≈≈..........
#######.##..≈..###..≈≈..#########
####...##...≈≈.....≈≈..##
#∩..#######..≈≈≈≈≈≈≈..## ∩####
##.........##


You could see an orc knight and 3 orc warriors.

Vanquished Creatures
  A two-headed ogre (D:9)
  A cyclops (D:8)
  A shining eye (shapeshifter) (D:8)
  A komodo dragon (D:10)
  A troll (D:9)
  3 hippogriffs
  Sigmund (D:3)
  12 yaks
  A hungry ghost (D:6)
  4 orc warriors
  3 ice beasts
  5 sky beasts
  2 black bears
  A necrophage (D:9)
  5 ogres
  2 phantoms
  A centaur (D:7)
  2 big kobolds
  3 bullfrogs
  A water moccasin skeleton (D:10)
  4 wights (D:6)
  5 crimson imps
  2 jellies (D:10)
  A centaur zombie (D:5)
  5 orc priests
  2 centaur skeletons
  4 hounds
  3 orc wizards
  3 bullfrog skeletons
  4 iguanas
  Ijyb (D:3)
  6 worker ants
  A killer bee zombie (D:8)
  2 hound zombies (D:6)
  A hound skeleton (D:10)
  A howler monkey zombie (D:6)
  2 howler monkey skeletons
  18 adders
  5 river rats
  5 shadow imps
  An ooze (D:4)
  2 adder zombies
  2 worms
  4 dart slugs
  6 leopard geckos
  47 orcs
  3 ball pythons (Sewer)
  7 bats
  2 giant cockroaches
  3 hobgoblins (D:1)
  23 kobolds
  6 quokkas
  15 frilled lizards
  9 goblins
  A quokka skeleton (D:4)
  11 rats
  A spectral orc (D:6)
269 creatures vanquished.

Vanquished Creatures (others)
  12 plants (D:10)
12 creatures vanquished.

Grand Total: 281 creatures vanquished

Notes
Turn   | Place    | Note
-------+----------+-------------------------------------------
     0 | D:1      | Drevant the Gargoyle Gladiator began the quest for the Orb.
     0 | D:1      | Reached XP level 1. HP: 12/12 MP: 1/1
    73 | D:1      | Reached XP level 2. HP: 10/18 MP: 2/2
   389 | D:1      | Reached XP level 3. HP: 22/22 MP: 3/3
  1163 | D:2      | Reached XP level 4. HP: 9/27 MP: 4/4
  1873 | D:3      | Noticed Sigmund
  1901 | D:3      | Killed Sigmund
  1901 | D:3      | Reached skill level 4 in Maces & Flails
  1901 | D:3      | Reached XP level 5. HP: 13/33 MP: 5/5
  1901 | D:3      | Reached XP level 6. HP: 15/38 MP: 6/6
  2111 | D:3      | Noticed Ijyb
  2123 | D:3      | Killed Ijyb
  2888 | D:3      | Found a glowing silver altar of Zin.
  2915 | D:3      | Reached XP level 7. HP: 36/43 MP: 7/7
  3680 | D:4      | Found a hide-covered altar of Uskayaw.
  3711 | D:4      | Became a worshipper of Uskayaw the Reveler
  3854 | D:4      | Reached * piety under Uskayaw
  3856 | D:4      | Reached skill level 1 in Armour
  3970 | D:4      | Reached skill level 5 in Maces & Flails
  3970 | D:4      | Reached ** piety under Uskayaw
  4103 | D:4      | Reached *** piety under Uskayaw
  4374 | D:5      | Entered Level 5 of the Dungeon
  4692 | D:5      | Reached skill level 5 in Fighting
  4716 | D:5      | Found a glowing drain.
  4721 | Sewer    | Entered a sewer
  5238 | D:5      | Reached XP level 8. HP: 30/49 MP: 8/8
  5319 | D:5      | Reached skill level 6 in Maces & Flails
  5336 | D:5      | Found a shadowy altar of Dithmenos.
  5442 | D:6      | Found Kuobbuxt's Assorted Antiques.
  5464 | D:6      | Reached **** piety under Uskayaw
  5475 | D:6      | Bought a scroll labeled HIG JIULYNOON for 21 gold pieces
  5475 | D:6      | Bought a potion of curing for 63 gold pieces
  5475 | D:6      | Bought a murky coppery potion for 18 gold pieces
  5475 | D:6      | Bought a scroll labeled QESURAIJACU for 21 gold pieces
  5632 | D:6      | Found a staircase to the Ecumenical Temple.
  5654 | D:6      | Reached skill level 7 in Maces & Flails
  5687 | D:6      | Found Guavy's Food Shoppe.
  5750 | D:6      | Found Beil's Antique Armour Shoppe.
  5806 | D:6      | Found a basalt altar of Yredelemnul.
  5864 | D:6      | Found an opulent altar of Gozag.
  5865 | D:6      | Found a shattered altar of Ashenzari.
  5865 | D:6      | Found an ancient bone altar of Kikubaaqudgha.
  5865 | D:6      | Found a blossoming altar of Fedhas.
  5866 | D:6      | Found a white marble altar of Elyvilon.
  5867 | D:6      | Found a snail-covered altar of Cheibriados.
  5870 | D:6      | Found a burning altar of Makhleb.
  6268 | D:6      | Reached XP level 9. HP: 50/56 MP: 9/9
  6368 | D:6      | Reached skill level 8 in Maces & Flails
  6502 | D:6      | Reached skill level 5 in Armour
  6888 | D:7      | Found Haniec's Weapon Boutique.
  7539 | D:8      | Reached skill level 9 in Maces & Flails
  7638 | D:8      | Found the +3 robe of Folly {Archmagi, MR-- Int+5}
  7720 | D:8      | Found a radiant altar of Vehumet.
  7868 | D:8      | Noticed an eye of devastation
  7876 | D:8      | Noticed a shining eye
  7878 | D:8      | Gained mutation: You are weak. (Str -2) [a shining eye]
  7882 | D:8      | Gained mutation: You are frail. (-10% HP) [a shining eye]
  7883 | D:8      | Killed a shining eye
  7883 | D:8      | Reached XP level 10. HP: 45/57 MP: 10/10
  8006 | D:8      | Noticed a cyclops
  8028 | D:8      | Killed a cyclops
  8028 | D:8      | Reached skill level 10 in Maces & Flails
  8692 | D:9      | Noticed a two-headed ogre
  8699 | D:9      | Killed a two-headed ogre
  9002 | D:9      | Found an iron altar of Okawaru.
  9156 | D:9      | Found a shimmering altar of Xom.
  9253 | D:10     | Entered Level 10 of the Dungeon
  9384 | D:10     | Reached skill level 11 in Maces & Flails
  9644 | D:10     | Reached XP level 11. HP: 53/63 MP: 11/11
  9648 | D:10     | Reached ***** piety under Uskayaw
  9660 | D:10     | Found a staircase to the Lair.
  9777 | D:10     | Found a staircase to the Orcish Mines.
  9871 | D:10     | Lost mutation: You are weak. (Str -2) [potion of mutation]
  9871 | D:10     | Lost mutation: You are frail. (-10% HP) [potion of mutation]
  9871 | D:10     | Gained mutation: You are weak. (Str -2) [potion of mutation]
  9871 | D:10     | Gained mutation: You possess an exceptional clarity of mind. [potion of mutation]
  9871 | D:10     | Gained mutation: You have supernaturally acute eyesight. (SInv) [potion of mutation]
 10452 | D:11     | Found a flagged portal.
 10635 | Bailey   | Entered a bailey
 10774 | Bailey   | Noticed an orc knight
 10784 | Bailey   | Noticed an orc knight
 10892 | Bailey   | Slain by an orc warrior

Vault maps used:
D:1:      dpeg_arrival_pits, hex_large
D:2:      minmay_heptomino_d4
D:3:      lemuel_crystal_altar, first_bread, uniq_ijyb, uniq_sigmund
D:4:      cheibrodos_quashed, eat_drink_and_be_merry_uskayaw
D:5:      lemuel_upstairs_altar, nicolae_dithmenos_through_a_glass_darkly,
          lightli_sewer_entry_pipes
D:6:      minitemple, yredelemnul_forgotten_temple_becter,
          minmay_temple_entry_junction_2, serial_shops, shop,
          nicolae_shop_waterfront, kennysheep_mini_moat
D:7:      serial_shops, nicolae_shop_stone
D:8:      minmay_curly_fans, fiery_altar_vehumet
D:9:      lemuel_round_altar, okawaru_trees_2
D:10:     david_lair_shrubbed, orc_0_dummy
D:11:     enter_bailey_2
Sewer:    sewer_co_cracked_pipes
Bailey:   bailey_polearm_1, bailey

Skill      XL: |  1  2  3  4  5  6  7  8  9 10 |
---------------+-------------------------------+-----
Throwing       | 2 3 |  3.6
Fighting       | 3 4 5 6 7 9 |  9.7
Dodging        | 3 |  3.9
Maces & Flails | 4 5 7 9 11 | 11.8
Armour         | 2 4 6 8 |  8.5

Action                   |  1- 3 |  4- 6 |  7- 9 | 10-12 || total
-------------------------+-------+-------+-------+-------++-------
Melee: Flail             |   100 |   129 |    36 |       ||   265
       Morningstar       |       |       |   559 |   314 ||   873
Throw: Throwing net      |     3 |     6 |       |       ||     9
Invok: Stomp             |       |       |     2 |     1 ||     3
       Line Pass         |       |       |     1 |     1 ||     2
Evoke: Wand              |     3 |       |     3 |    14 ||    20
  Use: Scroll            |       |     2 |     7 |     1 ||    10
       Potion            |       |     2 |     3 |     2 ||     7
 Stab: Sleeping          |     1 |       |     1 |       ||     2
       Held in net/web   |       |     1 |       |       ||     1
       Paralysed         |       |       |     7 |     8 ||    15
       Confused          |       |       |     1 |     1 ||     2
  Eat: Chunk             |     1 |     6 |    16 |    10 ||    33
       Bread ration      |       |       |     4 |       ||     4
Armor: Leather armour    |    35 |    34 |    98 |       ||   167
       Scale mail        |       |       |   219 |     5 ||   224
       Chain mail        |       |       |       |   210 ||   210
Dodge: Dodged            |    67 |    84 |   370 |   173 ||   694

Table legend:
 A = Spawn XP
 B = Non-spawn XP
 C = Spawn XP percentage of total XP
 D = Spawn monster count
 E = Non-spawn monster count
 F = Spawn count percentage of total count
 G = Total turns spent on level
                    A         B        C        D         E        F      G
               +---------+---------+-------+---------+---------+-------+---------
         Total |       0 |   11902 |   0.0 |       0 |     269 |   0.0 | 10892
               +---------+---------+-------+---------+---------+-------+---------
           D:1 |       0 |      46 |   0.0 |       0 |      25 |   0.0 |   789
           D:2 |       0 |      99 |   0.0 |       0 |      26 |   0.0 |  1026
           D:3 |       0 |     479 |   0.0 |       0 |      18 |   0.0 |  1444
           D:4 |       0 |     391 |   0.0 |       0 |      22 |   0.0 |  1115
           D:5 |       0 |     263 |   0.0 |       0 |      15 |   0.0 |   562
           D:6 |       0 |    1630 |   0.0 |       0 |      28 |   0.0 |  1293
           D:7 |       0 |     698 |   0.0 |       0 |      22 |   0.0 |   721
           D:8 |       0 |    1885 |   0.0 |       0 |      21 |   0.0 |   936
           D:9 |       0 |    2169 |   0.0 |       0 |      27 |   0.0 |   917
          D:10 |       0 |    2616 |   0.0 |       0 |      24 |   0.0 |  1123
          D:11 |       0 |    1246 |   0.0 |       0 |       7 |   0.0 |   259
         Sewer |       0 |      72 |   0.0 |       0 |      19 |   0.0 |   450
        Bailey |       0 |     308 |   0.0 |       0 |      15 |   0.0 |   257
               +---------+---------+-------+---------+---------+-------+---------
